BSA
GREENVILLE 84S @ BOSTON REBELS
09/06/2029
 
TOP OF THE 1ST
Greenville 84s batting - Pitching for Boston Rebels : RHP Gary Grimes
Pitching: RHP Gary Grimes
Batting: RHB Carlos Torres 0-0: Bunted foul
0-1: Ground out 4-3 (Groundball, 4)
Batting: LHB Juan Cortés 0-0: Ball
1-0: Called Strike
1-1: Fly out, F9 (Flyball, 9LD)
Batting: RHB Enzo Díaz 0-0: Ball
1-0: Called Strike
1-1: Called Strike
1-2: Ball
2-2: SINGLE (Groundball, 6MD)
Batting: RHB Robert Buckley 0-0: Swinging Strike
0-1: Ball
1-1: Swinging Strike
1-2: Ball
2-2: Strikes out swinging
Top of the 1st over - 0 runs, 1 hit, 0 errors, 1 left on base; Greenville 0 - Boston 0
BOTTOM OF THE 1ST
Boston Rebels batting - Pitching for Greenville 84s : LHP Hong-ryul Yun
Pitching: LHP Hong-ryul Yun
Batting: RHB Roberto Chávez 0-0: Ball
1-0: Foul Ball, location: 2F
1-1: Foul Ball, location: 2F
1-2: Ball
2-2: Foul Ball, location: 2F
2-2: Foul Ball, location: 2F
2-2: Ground out 5-3 (Groundball, 56S)
Now at 3B: Cristo García
Batting: SHB António Enríquez 0-0: Ball
1-0: Foul Ball, location: 2F
1-1: Foul Ball, location: 2F
1-2: Ball
2-2: Strikes out swinging
Batting: RHB Gerald Burnett 0-0: Ball
1-0: SINGLE (Groundball, 34D)
Batting: RHB Ed Watkins 0-0: Ball
1-0: Foul Ball, location: 2F
1-1: Ball
2-1: Swinging Strike
2-2: Strikes out looking
Bottom of the 1st over - 0 runs, 1 hit, 0 errors, 1 left on base; Greenville 0 - Boston 0
TOP OF THE 2ND
Greenville 84s batting - Pitching for Boston Rebels : RHP Gary Grimes
Batting: LHB Jimmy Vickers 0-0: Ball
1-0: Foul Ball, location: 2F
1-1: Foul Ball, location: 2F
1-2: SOLO HOME RUN (Line Drive, 9LD), Distance : 331 ft
Batting: RHB Ramiro Chávez 0-0: Ball
1-0: Foul Ball, location: 2F
1-1: SINGLE (Groundball, 34D)
Batting: LHB Robert Moore 0-0: Foul Ball, location: 2F
0-1: Ball
1-1: Fly out, F9 (Flyball, 9S)
Batting: LHB Brock Larsen 0-0: Ball
1-0: Ball
2-0: Called Strike
2-1: Foul Ball, location: 2F
2-2: Ball
3-2: Strikes out swinging
Batting: RHB Gustavo Medine Pickoff Throw to First - Error! E1
Ramiro Chávez to second
0-0: Ball
1-0: SINGLE (Groundball, 34D)
Ramiro Chávez to third
Runner from 3rd tries for Home, SAFE, no throw
Batting: RHB Carlos Torres 0-0: Ball
1-0: Called Strike
1-1: Ball
2-1: Ball
3-1: Base on Balls
Gustavo Medine to second
Batting: LHB Juan Cortés 0-0: Ball
1-0: Called Strike
1-1: Ball
2-1: Called Strike
2-2: Ball
3-2: Fly out, F7 (Flyball, 7LS)
Top of the 2nd over - 2 runs, 3 hits, 1 error, 2 left on base; Greenville 2 - Boston 0
BOTTOM OF THE 2ND
Boston Rebels batting - Pitching for Greenville 84s : LHP Hong-ryul Yun
Batting: RHB Aaron Wilson 0-0: Ball
1-0: Ball
2-0: Ball
3-0: Base on Balls
Batting: LHB Ricardo Brandariz 0-0: Called Strike
0-1: Foul Ball, location: 2F
0-2: Grounds into double play, 1-4-3 (Groundball, 15)
Batting: RHB Denver Baker 0-0: Ball
1-0: Foul Ball, location: 2F
1-1: Ground out 6-3 (Groundball, 6)
Bottom of the 2nd over - 0 runs, 0 hits, 0 errors, 0 left on base; Greenville 2 - Boston 0
TOP OF THE 3RD
Greenville 84s batting - Pitching for Boston Rebels : RHP Gary Grimes
Batting: RHB Enzo Díaz 0-0: Swinging Strike
0-1: Ball
1-1: Foul Ball, location: 2F
1-2: Foul Ball, location: 2F
1-2: SINGLE (Line Drive, 7S)
Batting: RHB Cristo García 0-0: Ball
1-0: Called Strike
1-1: Ball
Wild Pitch!
Enzo Díaz to second
2-1: Called Strike
2-2: Ball
3-2: Foul Ball, location: 2F
3-2: Strikes out looking
Batting: LHB Jimmy Vickers 0-0: Ball
Enzo Díaz steals 3rd base
1-0: Fly out, F9 (Flyball, 9LD)
Runner from 3rd tags up, OUT at HOME
Top of the 3rd over - 0 runs, 1 hit, 0 errors, 0 left on base; Greenville 2 - Boston 0
BOTTOM OF THE 3RD
Boston Rebels batting - Pitching for Greenville 84s : LHP Hong-ryul Yun
Batting: LHB Pat Zimmerman 0-0: Ball
1-0: Foul Ball, location: 2F
1-1: Foul Ball, location: 2F
1-2: SINGLE (Flyball, 78M)
Batting: SHB Devin Smith 0-0: Called Strike
0-1: Ball
1-1: Foul Ball, location: 2F
1-2: Foul Ball, location: 2F
1-2: Strikes out swinging
Batting: RHB Roberto Chávez 0-0: Ball
1-0: Ball
2-0: Ball
3-0: Called Strike
3-1: Foul Ball, location: 2F
3-2: Strikes out swinging
Batting: SHB António Enríquez 0-0: Called Strike
Pat Zimmerman steals 2nd base
0-1: Ball
1-1: Called Strike
1-2: Ball
2-2: Foul Ball, location: 2F
2-2: Ground out 5-3 (Groundball, 56)
Bottom of the 3rd over - 0 runs, 1 hit, 0 errors, 1 left on base; Greenville 2 - Boston 0
TOP OF THE 4TH
Greenville 84s batting - Pitching for Boston Rebels : RHP Gary Grimes
Batting: RHB Ramiro Chávez 0-0: Foul Ball, location: 2F
0-1: Ball
1-1: Ground out 4-3 (Groundball, 4S)
Batting: LHB Robert Moore 0-0: Ball
1-0: Ball
2-0: Called Strike
2-1: Foul Ball, location: 2F
2-2: SINGLE (Groundball, 34S) (infield hit)
Batting: LHB Brock Larsen 0-0: Grounds into double play, 6-4-3 (Groundball, 6)
Top of the 4th over - 0 runs, 1 hit, 0 errors, 0 left on base; Greenville 2 - Boston 0
BOTTOM OF THE 4TH
Boston Rebels batting - Pitching for Greenville 84s : LHP Hong-ryul Yun
Batting: RHB Gerald Burnett 0-0: Foul Ball, location: 2F
0-1: Foul Ball, location: 2F
0-2: Ball
1-2: Fly out, F8 (Flyball, 8RM)
Batting: RHB Ed Watkins 0-0: Ball
1-0: SINGLE (Groundball, 6D)
Batting: RHB Aaron Wilson 0-0: Called Strike
0-1: Fielders Choice at 2nd, 4-6 (Groundball, 4)
Batting: LHB Ricardo Brandariz 0-0: Called Strike
0-1: Swinging Strike
0-2: Strikes out swinging
Bottom of the 4th over - 0 runs, 1 hit, 0 errors, 1 left on base; Greenville 2 - Boston 0
TOP OF THE 5TH
Greenville 84s batting - Pitching for Boston Rebels : RHP Gary Grimes
Batting: RHB Gustavo Medine 0-0: Ball
1-0: Called Strike
1-1: Called Strike
1-2: Ball
2-2: Ball
3-2: Foul Ball, location: 2F
3-2: Strikes out looking
Batting: RHB Carlos Torres 0-0: Ball
1-0: Called Strike
1-1: Called Strike
1-2: Strikes out looking
Batting: LHB Juan Cortés 0-0: Ball
1-0: Ground out 3-1 (Groundball, 34)
Top of the 5th over - 0 runs, 0 hits, 0 errors, 0 left on base; Greenville 2 - Boston 0
BOTTOM OF THE 5TH
Boston Rebels batting - Pitching for Greenville 84s : LHP Hong-ryul Yun
Batting: RHB Denver Baker 0-0: SINGLE (Flyball, 9LS)
Batting: LHB Pat Zimmerman 0-0: Called Strike
0-1: Swinging Strike
0-2: Ball
1-2: Strikes out looking
Batting: SHB Devin Smith 0-0: Ball
1-0: Called Strike
1-1: Ball
2-1: Fly out, F6 (Popup, 6D)
Batting: RHB Roberto Chávez 0-0: Called Strike
0-1: Ground out 5-3 (Groundball, 56S)
Bottom of the 5th over - 0 runs, 1 hit, 0 errors, 1 left on base; Greenville 2 - Boston 0
TOP OF THE 6TH
Greenville 84s batting - Pitching for Boston Rebels : RHP Gary Grimes
Batting: RHB Enzo Díaz 0-0: Fly out, F7 (Flyball, 78XD)
Batting: RHB Cristo García 0-0: Ball
1-0: Ball
2-0: Ball
3-0: Called Strike
3-1: Foul Ball, location: 2F
3-2: Base on Balls
Batting: LHB Jimmy Vickers 0-0: Ball
1-0: Swinging Strike
1-1: Swinging Strike
1-2: Strikes out looking
Batting: RHB Ramiro Chávez 0-0: Called Strike
0-1: Foul Ball, location: 2F
0-2: Foul Ball, location: 2F
0-2: Ball
1-2: Foul Ball, location: 2F
1-2: Ball
2-2: Foul Ball, location: 2F
2-2: Foul Ball, location: 2F
2-2: Foul Ball, location: 2F
2-2: Foul Ball, location: 2F
2-2: Foul Ball, location: 2F
2-2: Fly out, F6 (Popup, 6M)
Top of the 6th over - 0 runs, 0 hits, 0 errors, 1 left on base; Greenville 2 - Boston 0
BOTTOM OF THE 6TH
Boston Rebels batting - Pitching for Greenville 84s : LHP Hong-ryul Yun
Batting: SHB António Enríquez 0-0: DOUBLE (Line Drive, 89D)
Batting: RHB Gerald Burnett 0-0: Ball
1-0: DOUBLE (Line Drive, 7LD)
António Enríquez scores
Batting: RHB Ed Watkins 0-0: Ball
1-0: Ball
2-0: Foul Ball, location: 2F
2-1: Ball
3-1: Base on Balls
Batting: RHB Aaron Wilson 0-0: Called Strike
0-1: Ball
1-1: Ball
2-1: Foul Ball, location: 2F
2-2: Reached via error on a dropped throw, E6
Gerald Burnett to third
Ed Watkins to second
Batting: LHB Ricardo Brandariz 0-0: Called Strike
0-1: Ball
1-1: Foul Ball, location: 2F
1-2: Foul Ball, location: 2F
1-2: Fly out, F7 (Flyball, 78S)
Batting: RHB Denver Baker 0-0: Ball
1-0: Called Strike
1-1: SINGLE (Line Drive, 4M)
Gerald Burnett scores
Ed Watkins to third
Aaron Wilson to second
Batting: LHB Pat Zimmerman 0-0: Grounds into double play, 5-2-3 (Groundball, 56S)
Bottom of the 6th over - 2 runs, 3 hits, 1 error, 2 left on base; Greenville 2 - Boston 2
TOP OF THE 7TH
Greenville 84s batting - Pitching for Boston Rebels : RHP Gary Grimes
Batting: LHB Robert Moore 0-0: Foul Ball, location: 2F
0-1: Ball
1-1: Ball
2-1: Called Strike
2-2: Strikes out looking
Batting: LHB Brock Larsen 0-0: Called Strike
0-1: Swinging Strike
0-2: Ball
1-2: Foul Ball, location: 2F
1-2: SINGLE (Flyball, 78S)
Pitching: LHP Artie Nelson
Batting: RHB Gustavo Medine 0-0: Ball
1-0: Called Strike
1-1: Ball
2-1: Ground out 3-1 (Groundball, 34)
Brock Larsen to second
Batting: RHB Carlos Torres 0-0: Ball
1-0: Ball
2-0: Called Strike
2-1: Swinging Strike
2-2: Foul Ball, location: 2F
2-2: Foul Ball, location: 2F
2-2: Foul Ball, location: 2F
2-2: Ball
3-2: Strikes out swinging
Top of the 7th over - 0 runs, 1 hit, 0 errors, 1 left on base; Greenville 2 - Boston 2
BOTTOM OF THE 7TH
Boston Rebels batting - Pitching for Greenville 84s : LHP Hong-ryul Yun
Batting: SHB Devin Smith 0-0: Called Strike
0-1: Foul Ball, location: 2F
0-2: Strikes out swinging
Batting: RHB Roberto Chávez 0-0: SINGLE (Flyball, 9S)
Batting: SHB António Enríquez 0-0: Foul Ball, location: 2F
0-1: Ball
1-1: Foul Ball, location: 2F
1-2: Foul Ball, location: 2F
1-2: Ball
Roberto Chávez steals 2nd base
2-2: SINGLE (Groundball, 6MD)
Roberto Chávez to third
Runner from 3rd tries for Home, SAFE, no throw
Batting: RHB Gerald Burnett 0-0: Called Strike
0-1: Ball
1-1: Called Strike
1-2: Strikes out looking
Batting: RHB Ed Watkins 0-0: Ball
1-0: DOUBLE (Flyball, 8LXD)
António Enríquez to third
Batting: RHB Aaron Wilson 0-0: Ground out U3 (Groundball, 34D)
Bottom of the 7th over - 1 run, 3 hits, 0 errors, 2 left on base; Greenville 2 - Boston 3
TOP OF THE 8TH
Greenville 84s batting - Pitching for Boston Rebels : LHP Artie Nelson
Now at 1B: Tom Waller
Batting: LHB Juan Cortés 0-0: Fly out, F8 (Flyball, 78D)
Batting: RHB Enzo Díaz 0-0: Called Strike
0-1: Ball
1-1: Foul Ball, location: 2F
1-2: Hit by Pitch
Batting: RHB Cristo García 0-0: SINGLE (Groundball, 6D)
Enzo Díaz to second
Batting: LHB Jimmy Vickers 0-0: SINGLE (Flyball, 8RS)
Enzo Díaz to third
Cristo García to second
Batting: RHB Ramiro Chávez 0-0: Ball
1-0: Foul Ball, location: 2F
1-1: Ball
2-1: Ball
3-1: Swinging Strike
3-2: SINGLE (Line Drive, 7S)
Enzo Díaz scores
Cristo García to third
Jimmy Vickers to second
Batting: LHB Robert Moore 0-0: Foul Ball, location: 2F
0-1: Ball
1-1: Ball
2-1: Foul Ball, location: 2F
2-2: Foul Ball, location: 2F
2-2: Strikes out swinging
Batting: LHB Brock Larsen 0-0: GRAND SLAM HOME RUN (Flyball, 9D), Distance : 405 ft
Pitching: RHP Robbie Daniel
Batting: RHB Gustavo Medine 0-0: Called Strike
0-1: Fly out, F6 (Line Drive, 6)
Top of the 8th over - 5 runs, 4 hits, 0 errors, 0 left on base; Greenville 7 - Boston 3
BOTTOM OF THE 8TH
Boston Rebels batting - Pitching for Greenville 84s : LHP Hong-ryul Yun
Batting: LHB Ricardo Brandariz 0-0: Ground out 6-3 (Groundball, 6)
Batting: RHB Denver Baker 0-0: Ball
1-0: Called Strike
1-1: Ball
2-1: Fly out, F6 (Popup, 6)
Batting: LHB Pat Zimmerman 0-0: Called Strike
0-1: DOUBLE (Line Drive, 7LM)
Batting: SHB Devin Smith 0-0: Ball
1-0: Foul Ball, location: 2F
1-1: Ball
Wild Pitch!
Pat Zimmerman to third
2-1: SINGLE (Groundball, 4D)
Pat Zimmerman scores
Pitching: RHP Kenshin Kubota
Batting: RHB Roberto Chávez 0-0: Ball
1-0: Foul Ball, location: 2F
1-1: Ball
2-1: Ball
3-1: SINGLE (Groundball, 5D)
Devin Smith to second
Batting: LHB Tom Waller 0-0: Ball
1-0: Swinging Strike
1-1: Foul Ball, location: 2F
1-2: Strikes out looking
Bottom of the 8th over - 1 run, 3 hits, 0 errors, 2 left on base; Greenville 7 - Boston 4
TOP OF THE 9TH
Greenville 84s batting - Pitching for Boston Rebels : RHP Robbie Daniel
Batting: RHB Carlos Torres 0-0: Fly out, F8 (Flyball, 8LD)
Batting: LHB Juan Cortés 0-0: Ground out 6-3 (Groundball, 56D)
Batting: RHB Enzo Díaz 0-0: Ball
1-0: Ball
2-0: Called Strike
2-1: Foul Ball, location: 2F
2-2: Fly out, F4 (Line Drive, 4)
Top of the 9th over - 0 runs, 0 hits, 0 errors, 0 left on base; Greenville 7 - Boston 4
BOTTOM OF THE 9TH
Boston Rebels batting - Pitching for Greenville 84s : RHP Kenshin Kubota
Pitching: LHP Francisco Ríos
Batting: RHB Gerald Burnett 0-0: Called Strike
0-1: Ball
1-1: Swinging Strike
1-2: DOUBLE (Line Drive, 9LS)
Batting: RHB Ed Watkins 0-0: Swinging Strike
0-1: Ground out 5-3 (Groundball, 56)
Batting: RHB Aaron Wilson 0-0: Ball
1-0: Called Strike
1-1: Ball
2-1: Ball
3-1: Foul Ball, location: 2F
3-2: Strikes out swinging
Batting: LHB Ricardo Brandariz 0-0: DOUBLE (Line Drive, 9LD)
Gerald Burnett scores
Batting: RHB Denver Baker 0-0: Ball
1-0: Called Strike
1-1: Called Strike
1-2: Strikes out swinging
Bottom of the 9th over - 1 run, 2 hits, 0 errors, 1 left on base; Greenville 7 - Boston 5
Saturday, December 16th, 2017 - OOTP Baseball 18.8 Build 76